 Dungeon Crawl Stone Soup version 0.24.1-4-ge52af88ad5 (webtiles) character file.

Game seed: 9451603201101260025, levelgen mode: deterministic

13241 H0rd4k the Eclecticist (level 11, 0/58 HPs)
             Began as a Deep Elf Wizard on Apr 17, 2020.
             Was an Initiate of Gozag.
             Slain by a spiny frog (7 damage)
             ... on level 3 of the Lair of Beasts on Apr 20, 2020.
             The game lasted 00:48:58 (15720 turns).

H0rd4k the Eclecticist (Deep Elf Wizard)           Turns: 15720, Time: 00:48:58

Health: 0/58       AC:  5    Str:  4    XL:     11   Next: 73%
Magic:  0/32       EV: 15    Int: 34    God:    Gozag
Gold:   869        SH:  0    Dex: 13    Spells: 31/40 levels left

rFire    + + .     SeeInvis +   K - staff of fire
rCold    . . .     Gourm    .   (no shield)
rNeg     . . .     Faith    .   a - +0 robe
rPois    +         Spirit   +   o - +2 helmet
rElec    .         Reflect  .   A - scarf {Spirit}
rCorr    .         Harm     .   (no gloves)
MR       +....                  (no boots)
Stlth    +++.......             (no amulet)
HPRegen  0.19/turn              O - ring of Feuc Wuq {rPois rF+ Int+4 SInv}
MPRegen  0.23/turn              t - +3 ring of intelligence

@: about to teleport, gold aura, studying Staves
A: no striking features
a: Potion Petition, Call Merchant, Bribe Branch, Renounce Religion


You were on level 3 of the Lair of Beasts.
You worshipped Gozag.
Gozag was pleased with you.
You were not hungry.

You visited 3 branches of the dungeon, and saw 14 of its levels.
You also visited: Volcano.

You collected 1525 gold pieces.
You spent 488 gold pieces at shops.
You paid 168 gold pieces to Gozag.

Inventory:

Hand Weapons
 i - a +1 dagger of venom
 P - a +0 antimagic long sword
 S - the +8 spear of Governance {vamp, Str-5 Int+4}
   (You took it off a gnoll on level 4 of the Dungeon)

   It inflicts no extra harm, but heals its wielder when it wounds a living foe.
   It affects your strength (-5).
   It affects your intelligence (+4).
 T - the +1 mace of Bulonirgh {freeze, rF+ Int+3}
   (You found it on level 1 of the Lair of Beasts)

   It has been specially enchanted to freeze those struck by it, causing extra
   injury to most foes and up to half again as much damage against particularly
   susceptible opponents.
   It can also slow down cold-blooded creatures.
   It affects your intelligence (+3).
   It protects you from fire.
Missiles
 j - 8 datura-tipped darts
 k - 60 poisoned darts (quivered)
Armour
 a - a +0 robe (worn)
 b - a +0 hat
 o - a +2 helmet (worn)
 A - a scarf of spirit shield (worn)
Magical Staves
 v - an uncursed staff of poison
 K - an uncursed staff of fire (weapon)
Jewellery
 t - a +3 ring of intelligence (right hand)
 D - an uncursed ring of protection from fire
 J - an uncursed ring of ice
 N - an uncursed ring of resist corrosion
 O - the ring of Feuc Wuq (left hand) {rPois rF+ Int+4 SInv}
   (You bought it in a shop on level 8 of the Dungeon)

   [ring of protection from fire]

   It affects your intelligence (+4).
   It protects you from fire.
   It protects you from poison.
   It lets you see invisible.
 R - an uncursed ring of wizardry
Wands
 q - a wand of enslavement (9)
 E - a wand of random effects (5)
 F - a wand of polymorph (11)
 U - a wand of digging (4)
Scrolls
 e - 3 scrolls of fog
 g - a scroll of identify
 m - 5 scrolls of enchant weapon
 n - a scroll of fear {unknown}
 r - 4 scrolls of teleportation
 s - 2 scrolls of enchant armour
 w - 4 scrolls of remove curse
 x - a scroll of noise {unknown}
 y - 2 scrolls of immolation
 C - 2 scrolls of magic mapping
 H - 3 scrolls of blinking
 M - a scroll of summoning {unknown}
Potions
 c - a potion of brilliance
 f - 4 potions of lignification
 h - a potion of curing
 l - 3 potions of heal wounds
 p - 4 potions of haste
 u - a potion of degeneration {unknown}
 z - 2 potions of resistance {unknown}
 B - 2 potions of berserk rage {unknown}
 G - 2 potions of flight
Books
 I - a manual of Staves
Comestibles
 d - 15 rations


   Skills:
 + Level 2.5 Fighting
 + Level 2.6 Throwing
 + Level 6.2 Dodging
 + Level 5.5 Stealth
 + Level 15.4 Spellcasting
 + Level 10.4 Conjurations
   Level 1.1 Summonings
 + Level 4.8 Translocations
 + Level 3.5 Fire Magic
 + Level 2.4 Air Magic
 + Level 3.9 Poison Magic
 + Level 3.8 Evocations


You had 31 spell levels left.
You knew the following spells:

 Your Spells              Type           Power        Failure   Level  Hunger
a - Magic Dart            Conj           ####         1%          1    None
b - Blink                 Tloc           N/A          1%          2    None
c - Conjure Flame         Conj/Fire      #######.     1%          3    None
d - Mephitic Cloud        Conj/Pois/Air  ######..     1%          3    None

Your spell library contained the following spells:

 Spells                   Type           Power        Failure   Level  Hunger
 Beastly Appendage        Tmut           ####..       1%          1    None
 Sandblast                Erth           ####..       1%          1    None
 Call Imp                 Summ           ####....     1%          2    None
 Spider Form              Tmut/Pois      #####.....   1%          3    None
 Stone Arrow              Conj/Erth      ######       1%          3    None
 Passwall                 Tmut/Erth      ####....     2%          2    None
 Slow                     Hex            ####....     2%          2    None
 Sticks to Snakes         Tmut           ####....     2%          2    None
 Ice Form                 Ice/Tmut       ####....     16%         4    None
 Petrify                  Tmut/Erth      ####....     16%         4    None
 Blade Hands              Tmut           ####......   38%         5    None
 Lee's Rapid Deconstruct  Erth           ####......   38%         5    None


Dungeon Overview and Level Annotations

Branches:
Dungeon (10/15)            Temple (1/1) D:4            Lair (3/6) D:8
 Spider (0/4) Lair:3      Volcano (visited)
  Swamp: Lair:2-4    Shoals: Lair:2-4       Orc: D:9-12

Altars:
Ashenzari
Cheibriados
Dithmenos
Elyvilon
Fedhas
Gozag
Hepliaklqana
Kikubaaqudgha
Makhleb
Nemelex Xobeh
Okawaru
Qazlal
Ru
Sif Muna
Trog
Uskayaw
Vehumet
Wu Jian
Xom
Yredelemnul
Zin
The Shining One

Shops:
D:8 =

Annotations:
D:9 exclusions: 2 downstairs and electric eel
Lair:1 exclusion: 2 downstairs


Message History

You blink.
The yak bellows!
Found a fuming puce potion.
Evoke which item? (* to show all) (? for menu, Esc to quit)
Aiming: Enslavement
Press: ? - help, Shift-Dir - straight line, f - yak, p - yak
Aim: a yak (chance to defeat MR: 57%)
The yak resists with significant effort.
The yak is no longer distracted by gold.
You see here 11 gold pieces.
The yak closely misses you.
As you read the scroll of teleportation, it crumbles to dust.
You feel strangely unstable. The yak misses you. The yak gores you!
* * * LOW HITPOINT WARNING * * *
Casting: Blink (safe; 1% risk of failure)
Confirm with . or Enter, or press ? or * to list all spells.
You don't have enough magic to cast that spell.
The spiny frog stings you!
You die...
Your body crumbles into a pile of gold.

##..............#
#..............###
#..............#.#
#.................
#.................
#.......##.##.##..
##......# ####.##.#
#.......# ####..
##@.....# ##.#
#P.F....## #..#
#!YY.....# ##..
##.$Y....# ##..
##.......# ##...
#........######....
##...)...$.........
#...##.##.$.(.....
#...# ####........


You could see 3 yaks and a spiny frog.

Vanquished Creatures
  Harold (D:7)
  A hydra (Lair:2)
  The ghost of releu the Poker, a novice MiFi of Makhleb (D:8)
  Joseph (D:8)
  5 spiny frogs
  A black mamba (Lair:1)
  2 torpor snails
  A rime drake (Lair:3)
  2 komodo dragons
  A hornet (D:10)
  6 hippogriffs
  7 yaks
  3 hogs (D:7)
  A human (D:7)
  A wyvern (Lair:1)
  A basilisk (Lair:2)
  The ghost of Alannah the Magician, an amateur DsWn (D:4)
  4 porcupines
  6 water moccasins
  4 ice beasts
  3 orc warriors
  A black bear (D:8)
  2 ogres
  5 centaurs
  6 wolves (Lair:2)
  2 crocodiles
  5 bullfrogs
  A scorpion (D:9)
  5 killer bees (D:3)
  2 crimson imps
  A bullfrog zombie (D:7)
  2 howler monkeys
  3 jellies
  2 centaur zombies
  2 hounds
  3 bullfrog skeletons
  A gnoll shaman (D:4)
  2 centaur skeletons
  2 orc priests
  7 orc wizards
  3 iguanas
  3 worker ants
  A hound zombie (D:9)
  A hound skeleton (D:5)
  A howler monkey skeleton (D:9)
  17 gnolls
  12 adders
  3 oozes
  2 adder zombies
  2 worms
  2 dart slugs
  3 leopard geckos
  24 orcs
  4 ball pythons
  4 bats
  4 giant cockroaches
  5 goblins
  6 hobgoblins
  5 jackals
  5 quokkas
  7 frilled lizards
  6 kobolds
  A quokka skeleton (D:6)
  8 rats
  2 butterflies (Lair:2)
238 creatures vanquished.

Vanquished Creatures (collateral kills)
  A hound (D:10)
1 creature vanquished.

Vanquished Creatures (others)
  4 fungi
  7 plants
11 creatures vanquished.

Grand Total: 250 creatures vanquished

Notes
Turn   | Place    | Note
-------+----------+-------------------------------------------
     0 | D:1      | H0rd4k the Deep Elf Wizard began the quest for the Orb.
     0 | D:1      | Reached XP level 1. HP: 10/10 MP: 7/7
     6 | D:1      | Noticed a swamp worm
     6 | D:1      | Noticed a polar bear
     7 | D:1      | Noticed a hog
     7 | D:1      | Noticed an iguana
   246 | D:1      | Reached XP level 2. HP: 11/15 MP: 4/9
   323 | D:1      | Reached skill level 5 in Spellcasting
  1325 | D:2      | Reached XP level 3. HP: 19/19 MP: 3/12
  1936 | D:3      | Reached skill level 6 in Spellcasting
  1936 | D:3      | Reached XP level 4. HP: 24/24 MP: 8/14
  1950 | D:2      | Learned a level 2 spell: Blink
  1954 | D:2      | Learned a level 3 spell: Conjure Flame
  1958 | D:2      | Learned a level 3 spell: Mephitic Cloud
  2099 | D:3      | Found an ornate altar of the Wu Jian Council.
  2317 | D:2      | Reached XP level 5. HP: 16/28 MP: 0/16
  2484 | D:3      | Reached skill level 7 in Spellcasting
  2494 | D:3      | Reached skill level 1 in Poison Magic
  2494 | D:3      | Reached XP level 6. HP: 33/33 MP: 2/18
  3506 | D:4      | Reached skill level 8 in Spellcasting
  3544 | D:4      | Reached XP level 7. HP: 29/37 MP: 9/20
  3642 | D:4      | Found a staircase to the Ecumenical Temple.
  3711 | D:4      | Identified the +8 spear of Governance {vamp, Str-5 Int+4}
  3785 | D:4      | Found a transporter.
  3785 | D:4      | Found a transporter.
  3819 | D:4      | Noticed Alannah's ghost (amateur DsWn)
  3973 | D:5      | Entered Level 5 of the Dungeon
  4212 | D:5      | Found a snail-covered altar of Cheibriados.
  4643 | D:5      | Reached skill level 9 in Spellcasting
  4801 | D:5      | Reached skill level 5 in Conjurations
  4997 | D:5      | Found a burning altar of Makhleb.
  5146 | D:5      | Reached skill level 1 in Fire Magic
  5146 | D:5      | Reached XP level 8. HP: 42/42 MP: 14/23
  5334 | D:5      | Reached skill level 1 in Air Magic
  5480 | D:5      | Reached skill level 10 in Spellcasting
  6093 | D:6      | Reached skill level 1 in Fighting
  6172 | D:6      | Noticed a hippogriff
  6185 | D:6      | Killed a hippogriff
  6334 | D:6      | Found a sparkling altar of Nemelex Xobeh.
  6361 | D:6      | Found a hazy altar of Hepliaklqana.
  6367 | D:6      | Found a sacrificial altar of Ru.
  6367 | D:6      | Found a shimmering blue altar of Sif Muna.
  6370 | D:6      | Found a radiant altar of Vehumet.
  6610 | D:6      | Found a blossoming altar of Fedhas.
  6812 | D:6      | Reached skill level 11 in Spellcasting
  6919 | D:7      | Found a stormy altar of Qazlal.
  6923 | D:7      | Found a stormy altar of Qazlal.
  6948 | D:7      | Noticed Harold
  7445 | D:8      | Found Welaw's Jewellery Emporium.
  7578 | D:7      | Reached XP level 9. HP: 43/47 MP: 11/26
  7786 | Temple   | Entered the Ecumenical Temple
  7840 | Temple   | Became a worshipper of Gozag Ym Sagoz the Greedy
  7975 | D:7      | Killed Harold
  7975 | D:7      | Reached skill level 1 in Throwing
  7975 | D:7      | Reached skill level 1 in Evocations
  8220 | D:7      | Reached skill level 12 in Spellcasting
  8235 | D:7      | Reached skill level 5 in Dodging
  8486 | D:8      | Noticed Joseph
  8687 | D:8      | Noticed releu's ghost (novice MiFi)
  8731 | D:8      | Found a staircase to the Lair.
  8732 | D:8      | Found a runed translucent door.
  8875 | D:8      | Killed Joseph
  8875 | D:8      | Reached XP level 10. HP: 20/53 MP: 4/28
  9123 | D:8      | Found a glowing golden altar of the Shining One.
  9321 | D:8      | Found a bloodstained altar of Trog.
 10528 | D:10     | Entered Level 10 of the Dungeon
 10669 | D:10     | Paralysed by a hornet for 2 turns
 10672 | D:10     | HP: 2/53 [poisoned by a hornet]
 10674 | D:10     | Reached skill level 13 in Spellcasting
 10692 | D:10     | Noticed a purple ugly thing
 10923 | D:8      | Bought the ring of Feuc Wuq {rPois rF+ Int+4 SInv} for 488
                  | gold pieces
 11121 | D:10     | Noticed a red ugly thing
 11126 | D:10     | Noticed a centaur warrior
 11521 | D:4      | Killed Alannah's ghost
 11974 | D:8      | Killed releu's ghost
 12011 | Lair:1   | Entered Level 1 of the Lair of Beasts
 12057 | Lair:1   | Got a jewelled mace
 12178 | Lair:1   | Noticed a spiny frog
 12181 | Lair:1   | Noticed a spiny frog
 12191 | Lair:1   | Killed a spiny frog
 12193 | Lair:1   | Noticed a spiny frog
 12364 | Lair:1   | Killed a spiny frog
 12364 | Lair:1   | Reached skill level 5 in Stealth
 12477 | Lair:1   | Killed a spiny frog
 12701 | Lair:1   | Noticed a black mamba
 12731 | Lair:1   | Killed a black mamba
 12911 | Lair:1   | Reached skill level 14 in Spellcasting
 13124 | Lair:1   | Identified the cursed +1 mace of Bulonirgh {freeze, rF+
                  | Int+3} (You found it on level 1 of the Lair of Beasts)
 13173 | Lair:2   | Reached XP level 11. HP: 37/57 MP: 10/31
 13304 | Lair:2   | Noticed a seven-headed hydra
 13488 | Lair:2   | Found a dark tunnel.
 13497 | Volcano  | Entered a volcano
 13504 | Volcano  | Noticed a red ugly thing
 13506 | Volcano  | Noticed a red ugly thing
 14594 | Lair:2   | Killed a seven-headed hydra
 14594 | Lair:2   | Reached skill level 10 in Conjurations
 15245 | Lair:3   | Reached skill level 15 in Spellcasting
 15419 | Lair:3   | Found a hole to the Spider Nest.
 15720 | Lair:3   | Slain by a spiny frog

Levels and vault maps discovered:
D:1:      onia_arrival_zoo_common, layout_basic, hangedman_feature_mirror
D:2:      layout_loops_ring
D:3:      layout_loops_cross, lemuel_round_altar, first_ration
D:4:      layout_rooms, minmay_temple_entry_butterflies,
          gammafunk_ghost_gnarly_gnolls
D:5:      layout_gridville, cheibrodos_worm_habitat, lemuel_round_altar
D:6:      layout_gridville, nemelex_xobeh_ov_fountains_minmay,
          nicolae_overflow_crystal_walls, minitemple,
          minmay_misc_feat_diagonals, kennysheep_generic_room_6
D:7:      layout_cave_pools, lemuel_crystal_altar, basic_altar, grunt_livestock,
          uniq_harold
D:8:      layout_loops_ring, lightli_temple_of_fire, kennysheep_mini_moat,
          dpeg_oklobed_lair, hellmonk_ghost_happy_afterlife, serial_shops,
          nicolae_shop_window_shopping, uniq_joseph
D:9:      layout_roguey, serial_bayou_lagoon_a
D:10:     cheibrodos_elevator_heist, layout_long_grid, serial_shops, shop
Temple:   zaba_magenta_temple
Lair:1:   layout_regular_city, infiniplex_staircase_pool
Lair:2:   layout_misc_corridors, nicolae_volcano_entry_two_sided, st_stairs_10,
          lemuel_fruit_fields
Lair:3:   layout_chaotic_city, nicolae_spider_entry_non_spiders, minivault_29

Skill      XL: |  1  2  3  4  5  6  7  8  9 10 11 |
---------------+----------------------------------+-----
Spellcasting   | 5 6 7 8 9 11 12 14 15 | 15.4
Dodging        | 3 4 5 6 |  6.2
Conjurations   | 2 3 4 5 6 8 9 10 | 10.4
Poison Magic   | 1 2 3 |  3.9
Stealth        | 3 4 5 |  5.5
Fire Magic     | 1 2 3 |  3.5
Air Magic      | 1 2 |  2.4
Fighting       | 1 2 |  2.5
Throwing       | 2 |  2.6
Translocations | 2 3 4 |  4.8
Evocations     | 2 3 |  3.8
Summonings     | |  1.1

Action                   |  1- 3 |  4- 6 |  7- 9 | 10-12 || total
-------------------------+-------+-------+-------+-------++-------
Melee: Staff             |       |       |     1 |     1 ||     2
       Dagger            |       |       |     1 |       ||     1
Throw: Dart              |       |       |    14 |       ||    14
 Cast: Magic Dart        |    97 |    90 |   289 |   394 ||   870
       Conjure Flame     |       |     9 |    26 |    59 ||    94
       Mephitic Cloud    |       |     7 |    18 |    14 ||    39
       Blink             |       |     1 |     5 |    34 ||    40
Evoke: Wand              |       |       |    12 |    30 ||    42
  Use: Potion            |       |       |     2 |     5 ||     7
       Scroll            |       |       |       |    19 ||    19
 Stab: Paralysed         |       |       |     1 |       ||     1
  Eat: Chunk             |     3 |     5 |    13 |       ||    21
       Ration            |       |       |     1 |     6 ||     7
Armor: Robe              |     3 |     9 |    20 |    18 ||    50
Dodge: Dodged            |    11 |    19 |    55 |   142 ||   227
